 Dungeon Crawl Stone Soup version 0.25.0-26-g0c896c7088 (webtiles) character file.

Game seed: 3050755692058387776

410 lepoulpe303 the Sneak (level 6, -5/30 HPs)
             Began as a Spriggan Enchanter on July 2, 2020.
             Slain by Grinder (6 damage)
             ... on level 3 of the Dungeon.
             The game lasted 00:16:29 (6285 turns).

lepoulpe303 the Sneak (Spriggan Enchanter)          Turns: 6285, Time: 00:16:29

Health: -5/30      AC:  2    Str:  4    XL:     6   Next: 58%
Magic:  10/13      EV: 20    Int: 19    God:
Gold:   190        SH:  0    Dex: 16    Spells: 2/14 levels left

rFire    . . .     SeeInvis +   a - +1 dagger
rCold    . . .     Gourm    .   (shield restricted)
rNeg     . . .     Faith    .   b - +0 robe
rPois    .         Spirit   .   q - +0 hat
rElec    .         Reflect  .   (no cloak)
rCorr    .         Harm     .   (gloves unavailable)
MR       +....                  (boots unavailable)
Stlth    +++.......             (no amulet)
HPRegen  0.10/turn              (no ring)
MPRegen  0.13/turn              (no ring)

@: very quick
A: very small, unfitting armour, see invisible, herbivore, speed 3, slow
metabolism 2
a: no special abilities


You were on level 3 of the Dungeon.
You were not hungry.

You visited 1 branch of the dungeon, and saw 4 of its levels.

You collected 190 gold pieces.

Inventory:

Hand Weapons
 a - a +1 dagger (weapon)
Missiles
 s - 8 boomerangs
Armour
 b - a +0 robe (worn)
 q - a +0 hat (worn)
Jewellery
 o - a +6 ring of dexterity {unknown}
 u - an uncursed ring of protection from cold {unknown}
Scrolls
 d - a scroll of random uselessness {unknown}
 g - a scroll of teleportation {unknown}
 h - 2 scrolls of immolation {unknown}
 j - a scroll of magic mapping {unknown}
 k - a scroll of blinking {unknown}
 l - a scroll of remove curse {unknown}
 n - 2 scrolls of identify {unknown}
 r - a scroll of fog {unknown}
Potions
 c - a potion of berserk rage {unknown}
 f - 3 potions of flight {unknown}
 i - 3 potions of curing {unknown}
 m - a potion of degeneration {unknown}
 p - a potion of ambrosia {unknown}
 t - a potion of lignification {unknown}
Comestibles
 e - 4 rations


   Skills:
 + Level 1.5 Fighting
 * Level 3.5 Short Blades
 + Level 4.4 Dodging
 + Level 5.5 Stealth
 * Level 4.6 Spellcasting
 * Level 5.4 Hexes


You had 2 spell levels left.
You knew the following spells:

 Your Spells              Type           Power        Failure   Level  Hunger
a - Ensorcelled Hibernat  Hex/Ice        ##....       6%          2    #......
b - Tukima's Dance        Hex            ###.....     4%          3    ###....
c - Confusing Touch       Hex            ###.....     4%          3    ###....
d - Dazzling Flash        Conj/Hex       ##....       13%         3    ###....
v - Corona                Hex            ###....      1%          1    None

Your spell library contained the following spells:

 Spells                   Type           Power        Failure   Level  Hunger


Dungeon Overview and Level Annotations

Branches:
Dungeon (4/15)
 Temple: D:4-7

Altars:
Hepliaklqana

Annotations:
D:3 Grinder


Innate Abilities, Weirdness & Mutations

You are very small and have problems with some larger weapons.
You are too small for most types of armour.
You have supernaturally acute eyesight. (SInv)
You are a herbivore.
You cover ground extremely quickly.
You need to consume almost no food.


Message History

Adjust which spell? b - Confusing Touch Adjust to which letter? c - Confusing Touch; b - Tukima's Dance Your hands begin to glow red.
Grinder hits you!
You writhe in agony.
* * * LOW HITPOINT WARNING * * *
You take 15 damage, and have 15/30 hp.
MASSIVE DAMAGE!!
You now have 10/13 mp.
You hit Grinder but do no damage. Grinder hits you!
* * * LOW HITPOINT WARNING * * *
You writhe in agony.
* * * LOW HITPOINT WARNING * * *
You take 11 damage, and have 4/30 hp.
MASSIVE DAMAGE!!
You hit Grinder but do no damage.
Grinder appears confused.
You hit Grinder but do no damage. Grinder hits you.
* * * LOW HITPOINT WARNING * * *
You writhe in agony.
You die...

#..###.##.# #..#
#.##.# #..# #..#.#
#..# ##.#.#
#####..####.#.#
#####.........#.#.#
#...#.#######.#.#.#
#.....# #.#.#.#
#...#.# #..5@.#
##>...# #.#.###
####.# #.#.# #.#
#.#.# #.#######.#.#
#.....รท...#.#
#######...####.#
#.......#......#
##.#####...######


You could see Grinder (confused).

Levels and vault maps discovered:
D:1:      grunt_arrival_crossed_arrows, layout_loops_corners
D:2:      layout_basic, chequers_ecumenical_altar_island
D:3:      layout_loops_ring, old_standard_altar, first_ration, uniq_grinder
D:4:      layout_loops_corners, small_statue_intersection,
          minmay_misc_feat_columns

Notes
Turn   | Place    | Note
-------+----------+-------------------------------------------
     0 | D:1      | lepoulpe303 the Spriggan Enchanter began the quest for the
                  | Orb.
     0 | D:1      | Reached XP level 1. HP: 9/9 MP: 5/5
    64 | D:1      | Identified a +0 dagger
   455 | D:1      | Reached XP level 2. HP: 13/13 MP: 6/6
   489 | D:1      | Learned a level 2 spell: Ensorcelled Hibernation
   500 | D:1      | Identified a +0 club
   557 | D:1      | Identified a +0 spear
   560 | D:1      | Reached skill level 3 in Spellcasting
   560 | D:1      | Reached skill level 4 in Hexes
   817 | D:1      | Reached XP level 3. HP: 6/17 MP: 1/8
   822 | D:1      | Learned a level 3 spell: Confusing Touch
  1269 | D:2      | Identified a +0 club
  1269 | D:2      | Identified a +0 spear
  1269 | D:2      | Identified a cursed -3 club
  1301 | D:2      | HP: 2/17 [gnoll/+0 spear (9)]
  1678 | D:2      | Identified a +0 club
  1678 | D:2      | Identified a +0 robe
  1880 | D:2      | Identified a +0 club
  1881 | D:2      | Identified a +0 flail
  1938 | D:2      | Reached skill level 2 in Short Blades
  2045 | D:2      | Found a faded altar of an unknown god.
  2126 | D:2      | Identified a +0 dagger
  2260 | D:2      | Reached XP level 4. HP: 10/21 MP: 7/10
  2455 | D:2      | Learned a level 3 spell: Tukima's Dance
  2985 | D:2      | Reached skill level 5 in Stealth
  3034 | D:3      | Identified a +0 dagger
  3186 | D:3      | Noticed Grinder
  3232 | D:3      | Reached XP level 5. HP: 25/25 MP: 11/11
  3236 | D:3      | Identified a +0 whip
  3236 | D:3      | Identified a +0 spear
  3239 | D:3      | Identified a +4 halberd of protection
  3444 | D:3      | Identified a +0 whip
  3468 | D:3      | Reached skill level 1 in Fighting
  3710 | D:3      | Reached skill level 4 in Spellcasting
  3746 | D:3      | Identified a +0 spear
  3748 | D:3      | Identified a +0 whip
  3828 | D:3      | Identified a +0 dagger
  3837 | D:3      | HP: 3/25 [goblin/+0 dagger (5)]
  4176 | D:3      | Identified a +0 flail
  4194 | D:3      | Reached skill level 4 in Dodging
  4200 | D:3      | Identified a +0 spear
  4379 | D:3      | Identified a +0 dagger
  4586 | D:3      | Found a hazy altar of Hepliaklqana.
  4586 | D:3      | Identified a +0 trident
  4586 | D:3      | Identified a +0 leather armour
  4671 | D:3      | Reached skill level 5 in Hexes
  4781 | D:3      | Identified a +0 club
  4822 | D:3      | Reached skill level 3 in Short Blades
  4972 | D:3      | Identified a +0 hat (You found it on level 3 of the
                  | Dungeon)
  4989 | D:3      | Identified a +0 club
  4989 | D:3      | Identified a +0 chain mail
  5341 | D:4      | Identified a +0 flail
  5341 | D:4      | Identified a +0 leather armour
  5341 | D:4      | Identified a +0 chain mail
  5365 | D:4      | Identified a +2 vorpal flail
  5577 | D:4      | Reached XP level 6. HP: 29/30 MP: 8/13
  5582 | D:4      | Learned a level 3 spell: Dazzling Flash
  6283 | D:3      | HP: 7/30 [Grinder (8)]
  6285 | D:3      | HP: 1/30 [Grinder (3)]
  6285 | D:3      | Slain by Grinder

Table legend:
 A = Turns spent in this place as a percentage of turns spent in the entire game.
 B = Non-inter-level travel turns spent in this place as a percentage of non-inter-level travel turns spent in the entire game.
 C = Inter-level travel turns spent in this place as a percentage of turns spent in this place.
 D = Turns resting spent in this place as a percentage of non-inter-level travel turns spent in this place.
 E = Turns spent auto-exploring this place as a percentage of non-inter-level travel turns spent in this place.
 F = Non-inter-level travel turns spent in this place divided by the number of levels of this place that you've seen.
                   A       B       C       D       E      F
               +-------+-------+-------+-------+-------+----------------------
         Total | 100.0 | 100.0 |   4.4 |  37.1 |  39.9 | 1502.8
       Dungeon | 100.0 | 100.0 |   4.4 |  37.1 |  39.9 | 1502.8
               +-------+-------+-------+-------+-------+----------------------

Table legend:
 A = Kills in this place as a percentage of kills in entire the game.
 B = Kills by you in this place as a percentage of kills by you in the entire game.
 C = Kills by friends in this place as a percentage of kills by friends in the entire game.
 D = Other kills in this place as a percentage of other kills in the entire game.
 E = Experience gained in this place as a percentage of experience gained in the entire game.
 F = Experience gained in this place divided by the number of levels of this place that you have seen.
                   A       B       C       D       E      F
               +-------+-------+-------+-------+-------+----------------------
         Total | 100.0 | 100.0 |   N/A |   N/A | 100.0 | 146.8
       Dungeon | 100.0 | 100.0 |   N/A |   N/A | 100.0 | 146.8
               +-------+-------+-------+-------+-------+----------------------

Skill      XL: |  1  2  3  4  5 |
---------------+----------------+-----
Spellcasting   | 3 4 |  4.6
Hexes          | 4 5 |  5.4
Short Blades   | 2 3 |  3.5
Stealth        | 5 |  5.5
Fighting       | 1 |  1.5
Dodging        | 4 |  4.4

Action                   |  1- 3 |  4- 6 || total
-------------------------+-------+-------++-------
Melee: Dagger            |   132 |   210 ||   342
 Cast: Ensorcelled Hiber |    10 |    50 ||    60
       Confusing Touch   |       |     1 ||     1
 Stab: Sleeping          |    12 |    34 ||    46
  Eat: Ration            |       |     3 ||     3
Armor: Robe              |     8 |    11 ||    19
Dodge: Dodged            |    92 |   139 ||   231

Vanquished Creatures
  A scorpion (D:4)
  A centaur skeleton (D:4)
  A gnoll shaman (D:2)
  An iguana (D:4)
  A worker ant (D:4)
  14 gnolls
  4 adders
  A worm (D:2)
  A dart slug (D:1)
  2 leopard geckos
  4 orcs (D:4)
  2 giant cockroaches
  9 hobgoblins
  10 jackals
  A kobold (D:3)
  2 quokkas (D:4)
  A ball python skeleton (D:4)
  7 bats
  3 frilled lizards
  7 goblins
  6 rats
79 creatures vanquished.
